 Dungeon Sprint DCSS version 0.23-a0-275-g0cf4261 (webtiles) character file.

424 Felrender the Blocker (level 6, -2/63 HPs)
             Began as a Minotaur Fighter on Oct 2, 2018.
             Was an Initiate of Okawaru.
             Slain by Sonja
             ... wielding a +5 short sword of venom
              (5 damage)
             ... in the Dungeon (Sprint I: "Red Sonja").
             The game lasted 00:01:34 (421 turns).

Felrender the Blocker (Minotaur Fighter)             Turns: 421, Time: 00:01:35

Health: -2/63      AC:  8    Str: 26    XL:     6   Next: 64%
Magic:  5/5        EV:  9    Int:  5    God:    Okawaru [......]
Gold:   0          SH: 16    Dex: 11    Spells: 5/5 levels left

rFire    . . .     SeeInvis .   a - +0 long sword
rCold    . . .     Gourm    .   c - +0 shield
rNeg     . . .     Faith    .   b - +0 scale mail
rPois    .         Spirit   .   (helmet restricted)
rElec    .         Reflect  +   (no cloak)
rCorr    .         Harm     .   (no gloves)
MR       .....     NoTele   +   (no boots)
Stlth    ..........             n - +4 amulet of reflection
HPRegen  0.20/turn              (no ring)
MPRegen  0.09/turn              (no ring)

@: mighty, lethally poisoned (-2 -> -17), hasted and slowed
A: retaliatory headbutt, horns 2
a: Renounce Religion


You were in the Dungeon.
You worshipped Okawaru.
Okawaru was noncommittal.
You were not hungry.

You visited 1 branch You collected 297 gold pieces.
You spent 297 gold pieces at shops.

Inventory:

Hand Weapons
 a - a +0 long sword (weapon)
Armour
 b - a +0 scale mail (worn)
 c - a +0 shield (worn)
Jewellery
 n - a +4 amulet of reflection (around neck)
Scrolls
 k - a scroll of blinking
Potions
 i - 2 potions of magic
 j - a potion of berserk rage
 m - 2 potions of ambrosia {unknown}
Comestibles
 f - a ration
 l - 13 chunks of flesh


   Skills:
 + Level 9.3 Fighting
 + Level 6.7 Long Blades
 + Level 10.1 Armour
 + Level 0.3 Dodging
 + Level 10.2 Shields


You had 5 spell levels left.
You didn't know any spells.
Your spell library was empty.

Dungeon Overview and Level Annotations

Branches:
Dungeon (1/1)

Altars:
Cheibriados
Dithmenos
Elyvilon
Fedhas
Gozag
Hepliaklqana
Kikubaaqudgha
Nemelex Xobeh
Okawaru
Qazlal
Ru
Sif Muna
Trog
Uskayaw
Vehumet
Wu Jian
Yredelemnul
Zin
The Shining One

Shops:
D =

Annotations:
D Sonja


Innate Abilities, Weirdness & Mutations

You reflexively headbutt those who attack you in melee.
You have a pair of horns on your head.


Message History

Sonja hits you with an uncursed short sword of venom.
* * * LOW HITPOINT WARNING * * *
You are more poisoned.
Sonja hits you with an uncursed short sword of venom.
* * * LOW HITPOINT WARNING * * *
You are more poisoned.
You block Sonja's attack.
You feel better. Sonja completely misses you. You furiously retaliate!
You headbutt Sonja!! You block Sonja's attack.
Sonja hits you but does no damage.
You are poisoned.
You miss Sonja. Your headbutt misses Sonja.
Sonja is severely wounded.
You feel sick. You block Sonja's attack.
Sonja hits you with an uncursed short sword of venom!
* * * LOW HITPOINT WARNING * * *
You are more poisoned.
You block Sonja's attack.
Sonja hits you with an uncursed short sword of venom.
You die...

#..').#..').#..+
#..#####'#####'#
#..####..#...#.#
#..#__####..##.#
#..#_____##'#_.+
#⌠⌠#_.∩...÷..._#
####_..__##_(#+#
#_____###(#
#########@##


+K($+ #$.$# ##.## #+# You could see Sonja.

Vanquished Creatures
  Sigmund (D)
  A yak (D)
  An ogre (D)
  A jelly (D)
  Ijyb (D)
5 creatures vanquished.

Notes
Turn   | Place    | Note
-------+----------+-------------------------------------------
     0 | D        | Felrender the Minotaur Fighter began the quest for the Orb.
     0 | D        | Reached XP level 1. HP: 19/19 MP: 0/0
     2 | D        | Noticed Ijyb
    22 | D        | Killed Ijyb
    22 | D        | Reached skill level 5 in Fighting
    22 | D        | Reached skill level 5 in Armour
    22 | D        | Reached skill level 5 in Shields
    22 | D        | Reached XP level 2. HP: 19/29 MP: 1/1
   231 | D        | Noticed an ogre
   234 | D        | Killed an ogre
   234 | D        | Reached XP level 3. HP: 38/38 MP: 2/2
   234 | D        | Reached XP level 4. HP: 45/45 MP: 3/3
   248 | D        | Noticed Sigmund
   264 | D        | Killed Sigmund
   264 | D        | Reached skill level 5 in Long Blades
   264 | D        | Reached XP level 5. HP: 39/55 MP: 4/4
   280 | D        | Found an ornate altar of the Wu Jian Council.
   280 | D        | Found a deep blue altar of Sif Muna.
   282 | D        | Found a radiant altar of Vehumet.
   286 | D        | Reached XP level 6. HP: 41/62 MP: 5/5
   390 | D        | Found Qoax's Jewellery Emporium.
   390 | D        | Found an ancient bone altar of Kikubaaqudgha.
   390 | D        | Found a hazy altar of Hepliaklqana.
   390 | D        | Found a stormy altar of Qazlal.
   390 | D        | Found a hide-covered altar of Uskayaw.
   390 | D        | Found a blossoming altar of Fedhas.
   390 | D        | Found a bloodstained altar of Trog.
   390 | D        | Found an iron altar of Okawaru.
   390 | D        | Found a basalt altar of Yredelemnul.
   390 | D        | Found a glowing golden altar of the Shining One.
   390 | D        | Found a snail-covered altar of Cheibriados.
   390 | D        | Found a sacrificial altar of Ru.
   390 | D        | Found a glowing silver altar of Zin.
   390 | D        | Found a shadowy altar of Dithmenos.
   390 | D        | Found a white marble altar of Elyvilon.
   390 | D        | Noticed a yak
   394 | D        | Killed a yak
   394 | D        | Reached skill level 10 in Armour
   394 | D        | Reached skill level 10 in Shields
   395 | D        | Found an opulent altar of Gozag.
   398 | D        | Found a sparkling altar of Nemelex Xobeh.
   403 | D        | Became a worshipper of Warmaster Okawaru
   405 | D        | Bought a +4 amulet of reflection for 297 gold pieces
   412 | D        | Noticed Sonja
   419 | D        | HP: 2/63 [Sonja/uncursed short sword of venom (3)]
   421 | D        | Slain by Sonja

Vault maps used:
D:        dungeon_sprint_1

Skill      XL: |  1  2  3  4  5  6 |
---------------+-------------------+-----
Fighting       | 5 6 8 9 |  9.3
Long Blades    | 3 4 5 6 |  6.7
Armour         | 5 7 9 10 | 10.1
Shields        | 5 7 9 10 | 10.2
Dodging        | |  0.3

Action                   |  1- 3 |  4- 6 || total
-------------------------+-------+-------++-------
Melee: Long sword        |    22 |    19 ||    41
       Headbutt          |     2 |     7 ||     9
  Use: Potion            |       |     4 ||     4
       Scroll            |       |     1 ||     1
Armor: Scale mail        |     4 |     8 ||    12
Dodge: Dodged            |     5 |     6 ||    11
Block: Shield            |    12 |    14 ||    26
       Rpst.: Long sword |     3 |       ||     3

Table legend:
 A = Non-vault XP
 B = Vault XP
 C = Vault XP percentage of total XP
 D = Non-vault monster count
 E = Vault monster count
 F = Vault count percentage of total count
                 A         B        C        D         E       F
            +---------+---------+-------+---------+---------+-------
      Total |       0 |     606 | 100.0 |       0 |       5 | 100.0
            +---------+---------+-------+---------+---------+-------
          D |       0 |     606 | 100.0 |       0 |       5 | 100.0
            +---------+---------+-------+---------+---------+-------
